[Event "*** Titled Tuesday Blitz"]
[Site "Chess.com"]
[Date "2019.09.03"]
[Round "2"]
[White "Everyfishknows"]
[Black "DarkAlekhine"]
[Result "1-0"]
[WhiteElo "2286"]
[BlackElo "2486"]
[TimeControl "180+2"]
[EndTime "15:24:46 PDT"]
[Termination "Everyfishknows won by resignation"]

1. Nf3 Nf6 2. c4 g6 3. Nc3 Bg7 4. e4 O-O 5. d4 d6 6. Be2 e5 7.
O-O Nbd7 8. Be3 Re8 9. d5 Nh5 10. Re1 Bf8 11. b4 Be7 12. Nd2 Ng7 13. Nb3 f5 14. f3 Bg5 15. Qd2 Bxe3+ 16. Qxe3 Nf6 17. c5 Bd7 18. Bb5 Kh8 19. Rac1 Rf8 20. Bxd7 Qxd7 21. cxd6 cxd6 22. a4 a6 23. Na5 Rac8 24. b5 Qd8 25. Nxb7 Qc7 26. bxa6 fxe4 27. Nb5 Qd7 28. Rxc8 Qxc8 29.
N7xd6 Qc2 30. Nxe4 Nxd5 31. Qc5 Qxc5+ 32. Nxc5 Nf5 33.
Rxe5 Nb4 34. a7 Nc6 35. Re6 Nfe7 36. Nc7 Nxa7 37. Rxe7 Nc6 38. Re8 Kg7 39. Rxf8 Kxf8 40. Kf2 Ke7 41. Ke3 Kd6 42. N7e6 h6 43. Ke4 Nb4 44.
f4 Nd5 45. Kd4 Ne7 46. g4 h5 47. gxh5 gxh5 48. Ke4 h4 49. f5 Ng8 50. a5 Nf6+ 51.
Kd4 Kc6 52. a6 Kb6 53. h3 Ng4 54. hxg4 h3 55. Ne4 h2 56. Ng3 Kxa6 57. f6 Kb7 58. f7 Ka7 59. f8=Q Kb7 60. Qd6 Ka7 61. Nh1 Kb7 62. Nf4 Ka7 63. Kc5 Kb7 64. Qb6+ Kc8 65. Qa7 1-0

[Event "*** Titled Tuesday Blitz"]
[Site "Chess.com"]
[Date "2019.09.03"]
[Round "2"]
[White "slowdgehammer"]
[Black "chessknight02"]
[Result "1-0"]
[WhiteElo "2427"]
[BlackElo "2161"]
[TimeControl "180+2"]
[EndTime "15:24:49 PDT"]
[Termination "slowdgehammer won by resignation"]

1. b3 Nf6 2. Bb2 d5 3. e3 c6 4. f4 Bg4 5. Nf3 Nbd7 6. h3 Bxf3 7. Qxf3 e6 8. g4 Ne4 9. g5 Qa5 10. a3 O-O-O 11. Bd3 f5 12. Bxe4 dxe4 13. Qe2 h6 14.
g6 Rg8 15. h4 Be7 16. h5 Bf6 17.
Bxf6 Nxf6 18. b4 Qc7 19. Qc4 Rge8 20. Nc3 Nd5 21. O-O-O Kb8 22. Kb2 Qe7 23. Ne2 Qf6+ 24. Qd4 Qxd4+ 25. Nxd4 Nxf4 26. Nxf5 Nd3+ 27. cxd3 exf5 28.
d4 Rf8 29. Rdf1 Rd6 30. Rh4 Rdf6 31. Rhf4 Kc7 32. Kc3 Kd6 33. d3 exd3 34. Kxd3 Kd5 35. Rc1 b6 36. Rcf1 Kd6 37. Ke2 Kd5 38. Rc1 Re8 39.
Kf3 Kd6 40. Rh4 Rfe6 41. Rc3 Re4 42. Rxe4 Rxe4 43. a4 Kd5 44. a5 Rh4 45. axb6 axb6 46.
Ra3 Rxh5 47. Ra7 Rg5 48. Rxg7 h5 49. Kf4 Rg1 50. Kxf5 h4 51. Rh7 Rf1+ 52. Kg5 Rg1+ 53. Kf6 Rf1+ 54. Ke7 Rg1 55. Kf7 Rf1+ 56. Kg8 Ke6 57. Rxh4 Rb1 58. g7 Ra1 59. Kh7 1-0

[Event "*** Titled Tuesday Blitz"]
[Site "Chess.com"]
[Date "2019.09.03"]
[Round "2"]
[White "Roman_Ovetchkin"]
[Black "David_Paravyan"]
[Result "1-0"]
[WhiteElo "2688"]
[BlackElo "2905"]
[TimeControl "180+2"]
[EndTime "15:24:52 PDT"]
[Termination "Roman_Ovetchkin won on time"]

1. d4 f5 2. c4 Nf6 3. Nc3 e6 4. g3 Bb4 5. Bg2 O-O 6. Nf3 Bxc3+ 7. bxc3 Nc6 8. O-O b6 9. Ne5 Bb7 10. Bg5 Na5 11. d5 d6 12. Nd3 e5 13. Nb2 Ba6 14.
Qd3 h6 15. Bd2 Nd7 16. f4 Nc5 17. Qc2 e4 18. Be3 Nxc4 19. Nxc4 Bxc4 20. Rad1 Qd7 21. Rd4 Qb5 22. Rb1 Qa6 23. Rb2 Bxe2 24. Qxe2 Qa3 25. Qc2 a6 26. Bf1 Rfe8 27. Rdb4 Qa5 28. Rd4 Re7 29.
Rb1 Rae8 30. Re1 b5 31. h3 Na4 32. Rc1 Nc5 33. Qd2 Qa3 34. Kh2 Kh7 35. g4 g6 36. Be2 Nd3 37. Bxd3 exd3 38. Re1 Re4 39.
Rxd3 fxg4 40. hxg4 Qa5 41. Rd4 R4e7 42. Bf2 Rxe1 43.
Bxe1 Qb6 44. Bf2 Qb8 45. Qd3 Qd8 46. Re4 Rf8 47. Re6 Rg8 48. Qe4 Rg7 49. Kh3 Qg8 50.
Bd4 1-0

[Event "*** Titled Tuesday Blitz"]
[Site "Chess.com"]
[Date "2019.09.03"]
[Round "2"]
[White "2nd_life"]
[Black "Ali_rastbod"]
[Result "0-1"]
[WhiteElo "2380"]
[BlackElo "2711"]
[TimeControl "180+2"]
[EndTime "15:24:52 PDT"]
[Termination "Ali_rastbod won by resignation"]

1. e4 e6 2. d4 d5 3. Nc3 Nc6 4. e5 f6 5. f4 fxe5 6. dxe5 Bc5 7. Nf3 a6 8. Bd3 Nb4 9. a3 Nxd3+ 10. cxd3 Nh6 11. d4 Ba7 12. Be3 Nf5 13. Bf2 O-O 14. Qd2 Bd7 15. g4 Nh6 16. h3 Rc8 17. b4 Be8 18.
Be3 Bg6 19. Rc1 Be4 20. O-O Nf7 21. Kh2 b6 22. Kg3 Qe7 23. Qe2 a5 24. bxa5 bxa5 25.
Nxe4 dxe4 26. Nd2 Qxa3 27. Nxe4 Bxd4 28. Rf3 Nxe5 29. fxe5 Rxf3+ 30. Qxf3 Qxe3 31. Qxe3 Bxe3 32. Rc4 Bb6 33. Ng5 Re8 34. Kf4 h6 35. Nf3 g5+ 36. Ke4 Rd8 37. Rc6 Kf7 38. h4 gxh4 39.
g5 h3 40. gxh6 Ke7 41. Rc2 Rh8 42. Rh2 Rxh6 43. Kf4 a4 44. Kg4 a3 45. Kg5 Rh8 46. Kg4 Ra8 47. Ra2 Kd7 48. Kxh3 Kc6 49. Kg4 Kd5 50. Kf4 Ra4+ 51. Kg3 Kc4 52. Nd2+ Kc3 53. Kf3 Bd4 54. Ke2 Bxe5 55. Nb1+ Kb3 0-1

[Event "*** Titled Tuesday Blitz"]
[Site "Chess.com"]
[Date "2019.09.03"]
[Round "2"]
[White "Kazmin_Dmitrij"]
[Black "TheFireChess"]
[Result "0-1"]
[WhiteElo "2308"]
[BlackElo "2518"]
[TimeControl "180+2"]
[EndTime "15:24:59 PDT"]
[Termination "TheFireChess won by resignation"]

1. b4 e6 2. b5 f5 3. Bb2 Nf6 4. c4 a6 5. a4 axb5 6. axb5 Rxa1 7.
Bxa1 Be7 8. e3 O-O 9. f4 d5 10. Nf3 c6 11. Qb3 Nbd7 12. Nc3 Nc5 13. Qc2 cxb5 14. Nxb5 Bd7 15. Be2 Bxb5 16. cxb5 Qb6 17. O-O Ra8 18. Bd4 Qd6 19. Be5 Qd8 20. Nd4 Bf8 21. Rc1 Qd7 22. b6 Qd8 23. Bc7 Qe8 24. Bb5 Qh5 25. h3 Qg6 26. d3 Qg3 27. Qf2 Qxf2+ 28. Kxf2 Ra5 29. Rc2 Kf7 30. Ke2 Ra3 31. Nf3 Nfd7 32. Ne5+ Nxe5 33. Bxe5 Rb3 34. Rb2 Rxb2+ 35.
Bxb2 Bd6 36. Ba3 Ke7 37. g4 g6 38. g5 Nd7 39. Bxd7 Kxd7 40. Bb2 Bc5 41. Kf3 Bxb6 42. e4 dxe4+ 43. dxe4 Kc6 44. exf5 exf5 45.
Ke2 Kd5 46. Kd3 Bc5 47. Be5 b5 48. Bc3 Bd6 49. Bd2 b4 50. h4 b3 51. Bc1 b2 52.
Bxb2 Bxf4 53. Bf6 Bg3 54. h5 gxh5 55. Ke2 Be5 56. Bd8 Ke4 57. Kf2 f4 58. Kg2 f3+ 59. Kf2 Bd4+ 60. Kf1 Kf5 61. Be7 h4 62. g6 hxg6 63. Bxh4 g5 64. Bg3 Kg4 65. Bd6 Kh3 66. Bc7 g4 67. Bd6 g3 68. Bxg3 Kxg3 0-1

[Event "*** Titled Tuesday Blitz"]
[Site "Chess.com"]
[Date "2019.09.03"]
[Round "2"]
[White "bugsbunny444"]
[Black "kuli4ik"]
[Result "1/2-1/2"]
[WhiteElo "2557"]
[BlackElo "2789"]
[TimeControl "180+2"]
[EndTime "15:25:01 PDT"]
[Termination "Game drawn by repetition"]

1. Nf3 g6 2. e4 Bg7 3. d4 d6 4.
Nc3 a6 5. a4 Nf6 6. h3 O-O 7.
Be3 Nc6 8. Be2 e5 9. d5 Ne7 10. Nd2 c6 11. Nc4 cxd5 12. Bb6 Qd7 13. exd5 Nf5 14. O-O Qe7 15. Re1 Nd7 16. Bd3 Nxb6 17. Nxb6 Rb8 18. Nxc8 Rbxc8 19. Bxf5 gxf5 20. Qh5 Qf6 21. g4 fxg4 22. hxg4 Qg6 23. Qf5 Rc4 24.
Re4 Rfc8 25. Rae1 Qxf5 26. gxf5 Kf8 27. Rxc4 Rxc4 28. Re4 Rc7 29. Kf1 Bh6 30. Ke2 Bc1 31. Rb4 Bxb2 32. Ne4 Ba3 33. Rb3 Bc5 34. c4 Ke7 35.
f6+ Kd7 36. Rh3 Bd4 37. Kd3 Rc8 38. Rxh7 Rf8 39. f4 Ba1 40. f5 Bd4 41. Rg7 a5 42.
Ng5 Ke8 43. Ke4 Bc5 44. Kf3 Bb4 45. Ne4 b6 46. Ng5 Ba3 47. Kg4 Bc5 48. Ne4 Bb4 49.
Kg5 Ba3 50. Kh6 Rh8+ 51. Rh7 Rg8 52. Rg7 Rh8+ 53. Rh7 Rg8 54. Kh5 Bb4 55. Ng5 Rf8 56. Rg7 Bd2 57. Ne4 Bb4 58. Rh7 Rg8 59. Ng5 Rf8 60.
Ne4 Ba3 61. Kh6 Rg8 1/2-1/2

[Event "*** Titled Tuesday Blitz"]
[Site "Chess.com"]
[Date "2019.09.03"]
[Round "2"]
[White "karinachess1"]
[Black "tonyq11"]
[Result "1-0"]
[WhiteElo "2562"]
[BlackElo "2197"]
[TimeControl "180+2"]
[EndTime "15:25:04 PDT"]
[Termination "karinachess1 won by checkmate"]

1. Nf3 Nf6 2. c4 c5 3. Nc3 Nc6 4. d4 cxd4 5. Nxd4 g6 6. Nc2 Bg7 7. e4 d6 8. Be2 O-O 9. O-O Bd7 10. Bg5 Qc8 11. Qd2 Ne5 12. b3 Bc6 13. f3 a6 14.
Rac1 Qb8 15. Nd4 Rd8 16. Rfd1 Qc7 17. f4 Ned7 18. Bf3 Rac8 19. Nd5 Bxd5 20. exd5 Nc5 21.
Re1 Qd7 22. Kh1 e5 23. dxe6 fxe6 24. b4 e5 25. bxc5 exd4 26. Qxd4 dxc5 27. Qxd7 Rxd7 28. Bxf6 Bxf6 29. Bg4 Rcd8 30. Bxd7 Rxd7 31. Rcd1 Bd4 32. g4 b5 33. cxb5 axb5 34. f5 Ra7 35. Re2 Kf7 36. Rf1 Kg7 37. h4 gxf5 38. Rxf5 h6 39. Kg2 Rd7 40. Kf3 Ra7 41. Kf4 Rb7 42. g5 hxg5+ 43.
Kxg5 Rd7 44. h5 Kh7 45. h6 Ra7 46. Kh5 Rd7 47. Re6 b4 48. Re2 c4 49. Rb5 Bc3 50. Re4 Rc7 51. Rb6 Bd2 52. Rbe6 Rc5+ 53. R4e5 Rxe5+ 54. Rxe5 Bxh6 55. Re7+ Bg7 56. Rc7 b3 57. axb3 cxb3 58.
Rb7 b2 59. Kg5 Kg8 60. Kg6 Bf8 61. Rxb2 Be7 62. Rb8+ Bf8 63. Ra8 Kh8 64. Rxf8# 1-0

[Event "*** Titled Tuesday Blitz"]
[Site "Chess.com"]
[Date "2019.09.03"]
[Round "2"]
[White "GadimbayliA"]
[Black "Bladel"]
[Result "0-1"]
[WhiteElo "2866"]
[BlackElo "2611"]
[TimeControl "180+2"]
[EndTime "15:25:05 PDT"]
[Termination "Bladel won by resignation"]

1. e4 c5 2. Nf3 Nc6 3. Bb5 g6 4.
Bxc6 dxc6 5. d3 Bg7 6. h3 Nf6 7. Nc3 Nd7 8. Be3 e5 9. Qd2 h6 10. O-O b6 11. Nh2 g5 12. Ne2 Nf8 13. Ng3 Ng6 14.
Nh5 O-O 15. Ng4 Bxg4 16. hxg4 Qd7 17. f3 Nf4 18. Ng3 Ne6 19. Nf5 Nd4 20. Bxd4 cxd4 21.
Kf2 Rfe8 22. Rh1 Re6 23. Rh5 Rg6 24. Rah1 Qe6 25. g3 c5 26. b3 Re8 27. Qe2 Kf8 28.
f4 exf4 29. gxf4 gxf4 30. Kf3 Rc8 31. Qd2 Rc7 32. Qxf4 Be5 33. Qd2 Ke8 34. Rxh6 Kd8 35. Rh7 Kc8 36. R1h6 Kb8 37. Ke2 Qe8 38. Kf3 Qe6 39.
Qe1 Qe8 40. Qh4 b5 41. Nd6 Bxd6 42. Rh8 Bf8 43. Rh5 Kb7 44. Qg3 Qe7 45. Rf5 Bg7 46. Rh7 Rcc6 47. g5 Rce6 48. Kf2 Re5 49. Qf3 Kb6 50.
Rxf7 Qxg5 51. Rh3 Qd2+ 52. Kf1 Reg5 53. Rh1 Qc1+ 54. Kf2 Qd2+ 55. Kf1 Rg2 56. Rxg7 Qc1+ 0-1

[Event "*** Titled Tuesday Blitz"]
[Site "Chess.com"]
[Date "2019.09.03"]
[Round "2"]
[White "NTBT_DHS"]
[Black "KRASAVCHIK2002"]
[Result "0-1"]
[WhiteElo "2691"]
[BlackElo "2357"]
[TimeControl "180+2"]
[EndTime "15:25:08 PDT"]
[Termination "KRASAVCHIK2002 won by resignation"]

1. d4 Nf6 2. Nc3 d5 3. Bg5 Bf5 4. f3 Bg6 5. Nh3 e6 6. Nf4 Be7 7. e3 c5 8. h4 h6 9. Nxg6 fxg6 10. Bxf6 Bxf6 11. g3 cxd4 12. exd4 Nc6 13. Qd3 Qe7 14. Ne2 O-O-O 15. f4 g5 16. O-O-O gxh4 17. gxh4 Bxh4 18.
Bh3 Kb8 19. Qg6 Bf6 20. Rhe1 Rhe8 21. c3 Qc7 22. Kb1 Na5 23. Nc1 Qxf4 24. Bxe6 Qd6 25.
Qf5 Nc4 26. Nd3 Qb6 27. Bxd5 Na3+ 28. Kc1 Bg5+ 29. Nf4 Rf8 30. Qe5+ Ka8 31. Re4 Rxf4 32. Rxf4 Rxd5 33. Rd2 Rxe5 34. Rf8+ Bd8 35. dxe5 Qg1+ 36. Rd1 Qe3+ 37. Rd2 a6 38. Rxd8+ Ka7 39. bxa3 Qxc3+ 40.
Kd1 Qxe5 41. R8d3 g5 42. Rb3 Qe4 43. Re2 Qh1+ 44. Re1 Qd5+ 45. Ke2 g4 46. Kf2 h5 47. Kg3 Qd6+ 48. Kh4 Qh2+ 49. Kg5 g3 50. Reb1 b5 51.
Re1 g2 52. Rbb1 h4 53. a4 h3 54. axb5 Qg3+ 55. Kf5 axb5 56. Re7+ Kb6 57. Re6+ Ka5 58. Rbe1 g1=Q 59. Rxg1 Qxg1 60. Re8 h2 61. Ra8+ Kb6 62. a3 h1=Q 63. Ke6 Qe4+ 0-1

[Event "*** Titled Tuesday Blitz"]
[Site "Chess.com"]
[Date "2019.09.03"]
[Round "2"]
[White "GianmarcoVaR"]
[Black "Genghis_K"]
[Result "0-1"]
[WhiteElo "2579"]
[BlackElo "2864"]
[TimeControl "180+2"]
[EndTime "15:25:17 PDT"]
[Termination "Genghis_K won by resignation"]

1. d4 d5 2. c4 dxc4 3. Nf3 Nf6 4.
e3 Bg4 5. Bxc4 e6 6. h3 Bh5 7.
Nbd2 a6 8. a3 Nc6 9. b4 Bd6 10.
Bb2 O-O 11. Qc2 Bg6 12. Qb3 Qe7 13. Be2 e5 14. d5 Nb8 15. Nh4 Nbd7 16. Nxg6 hxg6 17.
e4 a5 18. bxa5 Nc5 19. Qc2 Rxa5 20. Bc3 Ra4 21. Bb4 Rfa8 22. O-O Ncxe4 23. Nxe4 Bxb4 24.
Nxf6+ gxf6 25. Rfb1 Rxa3 26. Rxa3 Rxa3 27. Qb2 Bc5 28.
Qxb7 Kg7 29. Qc8 Bb6 30. Rc1 Ra2 31. Kf1 Qb4 32. Qg4 Qa3 33. Qc4 Ra1 34. Rd1 Qb2 35.
Qd3 Ra3 36. Qd2 Qxd2 37. Rxd2 f5 38. g3 Kf6 39. d6 Ra8 40. d7 Rd8 41. Bb5 Bd4 42.
Bc6 Ke7 43. f4 Kd6 44. fxe5+ Kxc6 45. Rxd4 Rxd7 46. Ra4 Kd5 47. Ra5+ c5 48. Ke2 Rc7 49. Kd3 Kxe5 50. Kc4 g5 51. Ra8 f4 52. Re8+ Kf6 53. gxf4 gxf4 54. h4 Kf5 55. h5 Kg5 56. Re5+ f5 57.
h6 f3 58. Kd3 c4+ 59. Ke3 c3 60. h7 Rxh7 61. Rc5 Kg4 62. Rc4+ Kg3 63. Rxc3 Re7+ 64. Kd2 Kg2 65. Rc8 f2 66. Rg8+ Kf3 67. Rg5 Re5 68.
Rg1 fxg1=Q 0-1

[Event "*** Titled Tuesday Blitz"]
[Site "Chess.com"]
[Date "2019.09.03"]
[Round "2"]
[White "FontVella8"]
[Black "Caisachess"]
[Result "1-0"]
[WhiteElo "2499"]
[BlackElo "2267"]
[TimeControl "180+2"]
[EndTime "15:25:17 PDT"]
[Termination "FontVella8 won by resignation"]

1. d4 Nf6 2. c4 e6 3. Nc3 d5 4.
cxd5 exd5 5. Bg5 Be7 6. e3 O-O 7. Bd3 c6 8. Nge2 Ne4 9. Bxe7 Qxe7 10. O-O Bf5 11. Qc2 Bg6 12. Rae1 f5 13. f3 Nd6 14.
Nf4 Nd7 15. Kh1 Qf6 16. Nce2 Rae8 17. Nc1 Re7 18. b4 Rfe8 19. Qd2 Nb6 20. Qf2 Nbc4 21.
Bxc4 Nxc4 22. Ncd3 Nxe3 23. Rg1 Qxd4 24. Qg3 Qf6 25.
Rb1 Bf7 26. a4 d4 27. b5 Bc4 28. Nc5 Nd5 29. Nh3 f4 30. Qg4 Ne3 31. Qxf4 Qxf4 32.
Nxf4 cxb5 33. axb5 b6 34. Ne4 Rf8 35. Nh5 Rxe4 36.
fxe4 Bd3 37. Rb2 Bxe4 38. Ng3 Bb7 39. Re1 Nxg2 40. Re7 Bd5 41. Kg1 Ne3 42. Rd2 Rf4 43. Re8+ Kf7 44. Rxe3 dxe3 45. Rxd5 Rb4 46. Re5 Rb3 47.
Kf1 Kf6 48. Rh5 h6 49. Ke2 Kg6 50. Rd5 Rb2+ 51. Kxe3 Rxh2 52. Rd6+ Kg5 53. Rd7 g6 54. Rxa7 h5 55. Rb7 h4 56. Ne4+ Kg4 57. Rxb6 g5 58. Rg6 Kf5 59. Rxg5+ Ke6 60. b6 Rb2 61. b7 h3 62. Rh5 Kf7 63. Rxh3 Kg6 64. Nc5 Rb5 65. Kd4 Kf6 66. Rb3 1-0

[Event "*** Titled Tuesday Blitz"]
[Site "Chess.com"]
[Date "2019.09.03"]
[Round "2"]
[White "AllStarShark"]
[Black "HouseOfDurin"]
[Result "1-0"]
[WhiteElo "2363"]
[BlackElo "1919"]
[TimeControl "180+2"]
[EndTime "15:25:23 PDT"]
[Termination "AllStarShark won by resignation"]

1. c4 c5 2. Nc3 Nc6 3. Nf3 g6 4. e3 Bg7 5. d4 cxd4 6. exd4 d6 7.
Be2 Nf6 8. O-O O-O 9. d5 Ne5 10. Re1 Nxf3+ 11. Bxf3 Rb8 12. Qd2 Re8 13. b3 a6 14. a4 Bd7 15. a5 h6 16. Bb2 Bg4 17. Bxg4 Nxg4 18. Ne4 Bxb2 19. Qxb2 e5 20. dxe6 Rxe6 21.
h3 Ne5 22. Qd2 Qe7 23. Rad1 Rd8 24. Nc3 Kg7 25. Nd5 Qg5 26. f4 Nf3+ 27. Kh1 Nxd2 28. fxg5 Rxe1+ 29. Rxe1 hxg5 30. Re3 Rd7 31. Kg1 f5 32.
Kf2 f4 33. Rd3 Nb1 34. Nb6 Rd8 35. c5 d5 36. Rxd5 Rxd5 37. Nxd5 Nd2 38. b4 Nc4 39. Nb6 Na3 40. Nd5 Kf7 41. Nb6 Nc2 42. Nd5 Ke6 43. Nc3 Nxb4 44. Ne4 Nd3+ 45. Ke2 Ne5 46.
Nxg5+ Kf5 47. Nf3 Nc6 48. Kd3 Nxa5 49. Kd4 Nc6+ 50. Kd5 g5 51. Kd6 g4 52. hxg4+ Kxg4 53. Nd2 Kg3 54. Kc7 Na5 55. Kb6 Kxg2 56. Kxa5 f3 57.
Kb6 f2 58. Kxb7 a5 59. c6 a4 60. c7 a3 61. c8=Q a2 62. Qg4+ Kh1 63. Qh3+ Kg1 64. Qg3+ Kh1 65. Qa3 f1=Q 66. Nxf1 a1=Q 67. Qxa1 Kg1 68.
Ne3+ 1-0

[Event "*** Titled Tuesday Blitz"]
[Site "Chess.com"]
[Date "2019.09.03"]
[Round "2"]
[White "MathiasWomacka"]
[Black "KL31"]
[Result "0-1"]
[WhiteElo "2183"]
[BlackElo "2511"]
[TimeControl "180+2"]
[EndTime "15:25:25 PDT"]
[Termination "KL31 won by resignation"]

1. e4 e6 2. d4 d5 3. Nd2 c5 4.
exd5 Qxd5 5. Ngf3 cxd4 6. Bc4 Qd6 7. O-O Nc6 8. Nb3 a6 9. Nbxd4 Nxd4 10. Nxd4 Qc7 11. Qe2 Bd6 12. Nf3 Ne7 13. Bd3 Ng6 14. g3 O-O 15. Ng5 Be7 16. Qh5 Bxg5 17. Bxg5 Qc5 18. Be2 Qxc2 19. Rac1 Qxb2 20. Rc7 Qe5 21. Rfc1 h6 22. Be3 Qxh5 23. Bxh5 Ne5 24. Bc5 Rd8 25. f4 Rd7 26. Bb6 Rxc7 27. Rxc7 Nd7 28. Bd4 b6 29. Bf3 Rb8 30. h4 f6 31. h5 Kf8 32. Bc6 Ke7 33. Ra7 Kd6 34. Bxd7 Bxd7 35.
Rxa6 Kc6 36. Kf2 Rb7 37. Ke3 Kb5 38. Ra8 Bc6 39. a4+ Kb4 40. Rc8 Bxa4 41. Bc3+ Kb5 42.
Re8 Bb3 43. Kd4 Bd5 44. Rc8 Ka4 45. f5 b5 46. Kc5 b4 47. Ra8+ Kb3 48. Bd4 Kc2 49.
Rd8 b3 50. fxe6 Bxe6 51. Kd6 Bf7 52. Rc8+ Kd3 53. Bb2 Bxh5 54. Rc3+ Kd2 55. Kc6 Rb8 56. Kc7 Rb5 57. Kc6 Be8+ 58. Kc7 h5 59. Rf3 Kc2 60.
Bd4 b2 61. Rf2+ Kb1 62. Kd8 Bg6 63. Ke7 Ka2 64. Kf8 Ka3 65. Bxb2+ Rxb2 66. Rxb2 Kxb2 67.
Kxg7 Bf5 68. Kxf6 Bg4 69. Ke5 Kc3 70. Ke4 Kd2 71. Kf4 Ke2 72. Kg5 Kf3 73. Kh4 Kg2 0-1

[Event "*** Titled Tuesday Blitz"]
[Site "Chess.com"]
[Date "2019.09.03"]
[Round "2"]
[White "Vuks91"]
[Black "Lunaticx"]
[Result "1-0"]
[WhiteElo "2587"]
[BlackElo "2839"]
[TimeControl "180+2"]
[EndTime "15:25:39 PDT"]
[Termination "Vuks91 won by resignation"]

1. d4 Nf6 2. Nf3 g6 3. Bg5 Bg7 4. Nbd2 O-O 5. c3 d6 6. a4 a5 7. e4 Nbd7 8. Bd3 b6 9. O-O Bb7 10.
Re1 h6 11. Bh4 Nh5 12. Bf1 g5 13. Bg3 Nxg3 14. hxg3 e6 15. Qc2 g4 16. Nh2 Qg5 17.
Nc4 h5 18. Bd3 Kh8 19. Qd2 Qxd2 20. Nxd2 c5 21. Bb5 Rad8 22. Nb3 cxd4 23. cxd4 e5 24. d5 Nc5 25. Nxc5 bxc5 26. Nf1 f5 27. Ne3 fxe4 28.
Rad1 Rf6 29. Nc4 Ra8 30. Rxe4 Ra7 31. b3 Bc8 32. Re2 Bf5 33. Nd2 Bh6 34. Nc4 Bg6 35. Na3 Bg5 36. Bd3 Bf7 37. Be4 Rb7 38. Nc4 Rxb3 39. Nxa5 Ra3 40. Bc2 Bg6 41. Bxg6 Rxg6 42. Re4 Rf6 43. Nc6 Ra2 44. Rf1 Kh7 45. a5 Rf7 46. f4 exf4 47. gxf4 Bh4 48. Re6 Bg3 49. f5 Rb7 50. Re7+ Rxe7 51. Nxe7 Kg7 52. f6+ Kf7 53. Nc6 Be5 54. Nd8+ Kg6 55. f7 Bg7 56. Ne6 Bh6 57. f8=Q Bxf8 58. Nxf8+ Kg5 59. Ne6+ Kh4 60.
Ng7 Kg5 61. Ne8 Rxa5 62. Nxd6 c4 63. Ne4+ Kg6 64. Rd1 Ra7 65. d6 Rd7 66. Nc5 Rd8 67. d7 c3 68. Rc1 Kf6 69. Rxc3 Ke5 70. Rd3 1-0

[Event "*** Titled Tuesday Blitz"]
[Site "Chess.com"]
[Date "2019.09.03"]
[Round "2"]
[White "Alexander_Donchenko"]
[Black "HarryCun"]
[Result "1/2-1/2"]
[WhiteElo "2664"]
[BlackElo "2105"]
[TimeControl "180+2"]
[EndTime "15:25:47 PDT"]
[Termination "Game drawn by repetition"]

1. e4 c6 2. d4 d5 3. Nd2 dxe4 4. Nxe4 Bf5 5. Ng3 Bg6 6. h4 h6 7. Nf3 Nd7 8. h5 Bh7 9. Bd3 Bxd3 10. Qxd3 e6 11. Bd2 Ngf6 12. O-O-O Be7 13. Kb1 Qc7 14. Rhe1 O-O-O 15. Nf5 Bf8 16. Ne3 Kb8 17. g4 Ka8 18. Qe2 Bd6 19. c4 c5 20. d5 exd5 21. cxd5 Rhe8 22.
Bc3 Nxg4 23. Bxg7 Bf4 24. d6 Qa5 25. Bc3 Qa4 26. Qc4 Qxc4 27. Nxc4 Nxf2 28. Rxe8 Rxe8 29. Rf1 Ne4 30. Bg7 b5 31. Na5 Nxd6 32. Rd1 Nb6 33. Bxh6 Bg3 34. Bg7 Nf5 35. Be5 Bxe5 36. Nxe5 Nd4 37.
Nxf7 Na4 38. h6 Re2 39. Rxd4 cxd4 40. h7 Rxb2+ 41. Kc1 Rh2 42. h8=Q+ Rxh8 43. Nxh8 Nc3 44. Kb2 b4 45. Nf7 d3 46. Nc4 a5 47. Nfe5 Nxa2 48.
Kxa2 a4 49. Nxd3 b3+ 50. Ka3 Kb7 51. Ndb2 Ka6 52. Kb4 a3 53. Nxa3 Kb6 54. Nac4+ Kc6 55. Ka4 Kd5 56. Kb5 Kd4 57. Kc6 Kc3 58. Kc5 Kc2 59. Kd4 Kc1 60. Kc3 Kb1 61. Ne5 Kc1 62. Ned3+ Kb1 63. Nf4 Kc1 64. Ne2+ Kb1 65. Nf4 Kc1 66.
Nd5 Kb1 67. Nb6 Kc1 68. N6c4 Kb1 69. Kd2 Ka2 70. Kc1 Ka1 71. Nd2 Ka2 72. Nb1 Ka1 73. Nd3 Ka2 74. Nc3+ Ka1 75. Nb1 Ka2 76. Nb4+ Ka1 77.
Nd3 1/2-1/2

[Event "*** Titled Tuesday Blitz"]
[Site "Chess.com"]
[Date "2019.09.03"]
[Round "2"]
[White "DeviatkinAndrey"]
[Black "imdvb6307"]
[Result "1/2-1/2"]
[WhiteElo "2693"]
[BlackElo "2411"]
[TimeControl "180+2"]
[EndTime "15:25:53 PDT"]
[Termination "Game drawn by agreement"]

1. d4 d5 2. Nf3 Nf6 3. e3 Bg4 4. c4 c6 5. Qb3 Qc7 6. Ne5 Bf5 7. cxd5 cxd5 8. Nc3 e6 9. Bb5+ Nfd7 10. g4 Bg6 11.
Bd2 Nc6 12. Rc1 Ndxe5 13. dxe5 Qd7 14. Na4 Rc8 15. f3 Be7 16. Nc5 Bxc5 17. Rxc5 O-O 18. Qa4 a6 19. Bxc6 Rxc6 20. Rxc6 Qxc6 21. Qxc6 bxc6 22.
Ke2 c5 23. b3 c4 24. bxc4 Rc8 25. cxd5 exd5 26. Rc1 Rxc1 27. Bxc1 Bb1 28. a3 Kf8 29. Kd2 Ke7 30. Kc3 Ba2 31. Kd4 Ke6 32. h4 g6 33.
Bd2 Bc4 34. e4 Bb3 35. exd5+ Bxd5 36. f4 Bf3 37. g5 Be2 38. Bb4 Kd7 39. Kc5 Bd3 40. Kd5 Bf5 41. Bf8 Bg4 42. Kc5 Be2 43.
Bg7 Bf1 44. Bf6 Be2 45. Kb6 Bd3 46. a4 Be2 47. a5 Bd3 48. Kc5 Be2 49. Kd5 Bf3+ 50.
Kd4 Be2 51. Ke3 Bd1 52. Ke4 Bc2+ 53. Kd5 Bb3+ 54. Kc5 Bd1 55. Kd4 Bb3 56. Bg7 Bd1 57. Ke4 Bc2+ 58. Kd4 Bd1 59. Ke3 Bb3 60. h5 Bc2 61. h6 Bb3 62. Kd4 Bc2 63. Kd5 Bb3+ 64. Kd4 Bc2 65. Kc4 Bd1 66. Bf6 Be2+ 67. Kc5 Bf1 68. Kb6 Bd3 69. e6+ fxe6 70. Kc5 Ke8 71. Kd6 Kf7 72. Ke5 Bf1 73. Bd8 Bd3 74. Bb6 Bf5 75. Bd4 Ke7 76. Bc5+ Kf7 77. Bb4 Bd3 78.
Kd6 Bf5 1/2-1/2

[Event "*** Titled Tuesday Blitz"]
[Site "Chess.com"]
[Date "2019.09.03"]
[Round "2"]
[White "pedro_gines"]
[Black "1random"]
[Result "0-1"]
[WhiteElo "2523"]
[BlackElo "2758"]
[TimeControl "180+2"]
[EndTime "15:26:17 PDT"]
[Termination "1random won by checkmate"]

1. d4 Nf6 2. Nf3 d5 3. c4 e6 4. g3 Be7 5. Bg2 O-O 6. O-O dxc4 7.
Qc2 c6 8. Qxc4 b5 9. Qc2 Bb7 10. Nbd2 c5 11. dxc5 Na6 12. c6 Nb4 13. cxb7 Nxc2 14.
bxa8=Q Qxa8 15. Nd4 Qc8 16. Nc6 Bc5 17. Nb3 Nxa1 18. Nxc5 Qc7 19. Bf4 Qb6 20. Bd6 Nc2 21.
Rc1 Nd4 22. Nxd4 Qxd6 23. e3 Rc8 24. b4 Nd5 25. a3 a5 26. Nxb5 Qb6 27. Bf1 axb4 28.
axb4 Nxb4 29. Nd7 Qd8 30. Rxc8 Qxc8 31. Ne5 Qc5 32. Nf3 Nd5 33. Nbd4 Nc3 34. h4 e5 35.
Nf5 g6 36. Nh6+ Kg7 37. Ng4 f6 38. Ngh2 h5 39. Ne1 Qd5 40. Nd3 Ne4 41. Be2 Nd2 42. Nf1 Nf3+ 43. Bxf3 Qxf3 44. Ne1 Qe2 45. Ng2 Kh6 46.
Nh2 g5 47. hxg5+ fxg5 48. Nf1 Qd1 49. e4 Kg7 50. Ne3 Qf3 51. Nd2 Qe2 52. Ndc4 Qe1+ 53.
Kg2 Qc3 54. Nd6 Kh7 55. Nf7 g4 56. Nd6 Qd4 57. Nef5 Qd1 58. Kh2 Qf1 59. Nh4 Qxf2+ 60. Ng2 Kg6 61. Nf5 Kg5 62. Nd6 Qe2 63. Nf7+ Kf6 64. Nd6 Qd3 65. Nf5 Qxe4 66. Nfe3 Qf3 67. Nc4 e4 68. Nce3 Qf2 69. Nd5+ Ke5 70. Nf4 e3 71.
Nd3+ Ke4 72. Nc5+ Kf3 73. Ne6 Qxg2# 0-1

[Event "*** Titled Tuesday Blitz"]
[Site "Chess.com"]
[Date "2019.09.03"]
[Round "2"]
[White "13MiRacLe"]
[Black "almaguerjm"]
[Result "0-1"]
[WhiteElo "2699"]
[BlackElo "2367"]
[TimeControl "180+2"]
[EndTime "15:26:19 PDT"]
[Termination "almaguerjm won by resignation"]

1. e4 d6 2. d4 Nc6 3. Be3 Nf6 4.
Nc3 e5 5. d5 Ne7 6. Be2 Ng6 7.
Nf3 Be7 8. h3 Nf4 9. Bf1 h6 10.
g3 N4h5 11. Be2 g6 12. Qd2 Bf8 13. O-O-O Bd7 14. g4 Ng7 15. Bd3 a6 16. Ne2 h5 17.
g5 Ng8 18. Kb1 c6 19. c4 c5 20. Nh4 b5 21. f4 bxc4 22. Bxc4 Qb6 23. fxe5 dxe5 24.
Rhf1 Bd6 25. Nc3 Rb8 26. Qf2 Kd8 27. b3 Be8 28. Kc2 Ne7 29. Rb1 Rh7 30. Nf3 Bd7 31. h4 Ne8 32. Ne1 Nc7 33. Nd3 Nb5 34. Bxb5 axb5 35. Bxc5 Bxc5 36. Qxc5 Qa5 37. b4 Qa6 38. d6 Nc6 39. Nd5 Rc8 40. Nc7 Qxa2+ 41. Rb2 Nd4+ 42.
Qxd4 Qa4+ 43. Kd2 exd4 44. Nc5 Rxc7 45. dxc7+ Kxc7 46. Nxa4 bxa4 47. b5 Kb6 48. Rf6+ Be6 49. Rb4 a3 50. Ra4 Kxb5 51. Rxa3 Rh8 52. Kd3 Rd8 53.
Ra7 Bc4+ 54. Kd2 Rb8 55. Rd7 d3 56. Rc7 Kb4 57. Rd6 Ra8 58. Rd4 Ra2+ 59. Ke3 Re2+ 60. Kf3 Rc2 61. Ke3 Re2+ 62. Kf3 Rc2 63. Rcd7 Kc3 64.
Ke3 Re2+ 65. Kf3 Re1 66. R4d6 Rf1+ 67. Ke3 Re1+ 68. Kf2 Re2+ 69. Kf3 d2 70. Rc7 Rh2 71. e5 Rh1 72. Rxc4+ Kxc4 73. Rxd2 Rxh4 74. Rd7 Rg4 75. Rxf7 Rxg5 76. Kf4 Rg4+ 77. Ke3 Kd5 78. Re7 Re4+ 79. Kf3 Rxe5 80. Rf7 Rf5+ 81. Rxf5+ gxf5 82.
Kf4 Ke6 83. Kg5 Ke5 84. Kxh5 Kf4 85. Kh4 Kf3 86. Kh3 f4 87. Kh2 Kf2 88. Kh1 f3 89.
Kh2 Ke2 90. Kg3 f2 91. Kg2 f1=Q+ 0-1